 Dungeon Crawl Stone Soup version 0.26.1-11-gd32895ea62 (webtiles) character file.

Game seed: 9297310152620368848

44 Descartes the Scratcher (level 3, -2/14 HPs)
             Began as a Felid Wanderer on June 22, 2021.
             Slain by a gnoll
             ... wielding a +0 spear
              (3 damage)
             ... on level 3 of the Dungeon.
             The game lasted 00:05:00 (2803 turns).

Descartes the Scratcher (Felid Wanderer)            Turns: 2803, Time: 00:05:01

Health: -2/14      AC:  1    Str: 10    XL:     3   Next: 41%
Magic:  7/8        EV: 22    Int: 13    God:
Gold:   58         SH:  0    Dex: 14    Spells: 4/8 levels left
                                        Lives:  0   Deaths: 1

rFire    . . .     SeeInvis +     - Unarmed
rCold    . . .     Faith    .   (shield unavailable)
rNeg     . . .     Spirit   .   (armour unavailable)
rPois    .         Reflect  .   (helmet unavailable)
rElec    .         Harm     .   (cloak unavailable)
rCorr    .         Rampage  .   (gloves unavailable)
Will     .....                  (boots unavailable)
Stlth    +++.......             (no amulet)
HPRegen  0.04/turn              h - ring of wizardry
MPRegen  0.11/turn              i - +4 ring of evasion

@: lethally poisoned (-2 -> -14), quick
A: very small, no armour, no weapons or thrown items, stealth, claws 1, fangs 3,
see invisible, speed 1, shaggy fur 1, sharp paws
a: no special abilities


You were on level 3 of the Dungeon.
You visited 1 branch of the dungeon, and saw 3 of its levels.

You collected 58 gold pieces.

Inventory:

Jewellery
 h - a ring of wizardry (left paw)
 i - a +4 ring of evasion (right paw)
Wands
 d - a wand of random effects (15)
Scrolls
 c - a scroll of noise {unknown}
 f - a scroll of remove curse {unknown}
Potions
 a - a potion of haste
 b - a potion of heal wounds
 e - 2 potions of attraction {unknown}
 g - 2 potions of resistance {unknown}
 j - 2 potions of curing {unknown}
 k - a potion of invisibility {unknown}
 l - a potion of cancellation {unknown}


   Skills:
 + Level 2.9 Dodging
 + Level 3.1 Stealth
 + Level 3.8 Unarmed Combat
 - Level 3.0 Spellcasting
 - Level 1.0 Summonings
 - Level 1.5 Translocations
 - Level 2.1 Evocations


You had 4 spell levels left.
You knew the following spells:

 Your Spells              Type           Power        Failure   Level
a - Animate Skeleton      Necr           2%           9%          1
b - Vampiric Draining     Necr           0%           26%         3

Your spell library contained the following spells:

 Spells                   Type           Power        Failure   Level


Dungeon Overview and Level Annotations

Branches:
Dungeon (3/15)

Altars:
Ashenzari
Cheibriados
Trog

Annotations:
D:2 Sigmund


Innate Abilities, Weirdness & Mutations

You cannot wear armour.
You are incapable of wielding weapons or throwing items.
Your paws allow you to move quietly. (Stealth)
You have sharp claws.
You have razor-sharp teeth.
You have supernaturally acute eyesight. (SInv)
You cover ground quickly.
You are covered in fur. (AC +1)
Your sharp claws are effective at attacking unaware monsters.


Message History

The gnoll closely misses you. The gnoll misses you.
A worm comes into view.
You scratch the orc.
The orc is almost dead.
The orc completely misses you.
The gnoll hits you from afar with a +1 spear of venom.
You are lethally poisoned!
The gnoll hits you but does no damage.
Unknown command.
Casting: Animate Skeleton (safe; 9% risk of failure)
Confirm with . or Enter, or press ? or * to list all spells.
You attempt to give life to the dead...
Before your eyes, flesh is ripped from the corpse!
The dead are walking!
* * * LOW HITPOINT WARNING * * *
You feel sick. The gnoll closely misses you.
The orc hits you with a +0 hand axe.
* * * LOW HITPOINT WARNING * * *
The gnoll hits you from afar with a +0 spear.
You die...

######### ### #........ ?.#
#.####### #.# #.### #.#
..(.# ###.### #.#.#####
#..... ........###.#.#
#####
#.#.###.....).#######......
#.#.# #####...g.@ogZ)...#
#...#######.#.#########w#
#.............#
##.######...###
#†.........# ##..######..#
.......# #..# ##..##.# #..#
)...# # #..#


You could see a worm, 2 gnolls, an orc and the friendly Descartes the felid
skeleton.

Vanquished Creatures
  2 adders
  A gnoll (D:3)
  2 worms
  3 leopard geckos
  2 orcs (D:3)
  A ball python (D:1)
  6 giant cockroaches
  7 goblins
  A hobgoblin (D:2)
  5 kobolds
  A quokka (D:2)
  4 bats
  3 frilled lizards (D:2)
  10 rats
48 creatures vanquished.

Vanquished Creatures (collateral kills)
  A gnoll (D:3)
  A goblin (D:2)
2 creatures vanquished.

Grand Total: 50 creatures vanquished

Notes
Turn   | Place    | Note
-------+----------+-------------------------------------------
     0 | D:1      | Descartes the Felid Wanderer began the quest for the Orb.
     0 | D:1      | Descartes set off with the following items: a potion of
                  | haste, a potion of heal wounds, a wand of random effects
                  | (15); and the following spell memorised: Animate Skeleton;
                  | and the following spells available to memorise: Vampiric
                  | Draining
     0 | D:1      | Reached XP level 1. HP: 7/7 MP: 5/5
   213 | D:1      | Reached skill level 1 in Dodging
   213 | D:1      | Reached skill level 1 in Stealth
   581 | D:1      | Reached XP level 2. HP: 11/11 MP: 7/7
  1551 | D:2      | Found a snail-covered altar of Cheibriados.
  1609 | D:2      | Reached XP level 3. HP: 14/14 MP: 8/8
  1697 | D:2      | Noticed a moth of wrath
  1700 | D:2      | Found a bloodstained altar of Trog.
  1846 | D:2      | Found a broken altar of Ashenzari.
  1883 | D:2      | You fall into a shaft and drop 1 floor!
  2476 | D:2      | Noticed Sigmund
  2685 | D:3      | Reached XP level 4. HP: 18/18 MP: 9/9
  2689 | D:3      | Learned a level 3 spell: Vampiric Draining
  2733 | D:3      | Slain by a gnoll
  2734 | D:3      | Reached XP level 3. HP: -3/14 MP: 8/8
  2803 | D:3      | Slain by a gnoll

Illustrated notes

Levels and vault maps discovered:
D:1:      co_arrival_hall_of_pillars, layout_basic, kennysheep_flooded_box,
          hangedman_decor_diamond_cutter
D:2:      layout_basic, ashenzari_conservatory_becter, old_standard_altar,
          tgw_trog, chequers_ecumenical_altar_simple, minmay_misc_feat_tower,
          uniq_sigmund
D:3:      layout_loops_ring, nicolae_overflow_hidden_temple

Skill      XL: |  1  2  3  4 |
---------------+-------------+-----
Dodging        | 1 2 |  2.9
Stealth        | 1 2 3 |  3.1
Unarmed Combat | |  3.8
Spellcasting   | |  3.0
Summonings     | |  1.0
Translocations | |  1.5
Evocations     | |  2.1

Action                   |  1- 3 |  4- 6 || total
-------------------------+-------+-------++-------
Melee: Unarmed           |   104 |     9 ||   113
       Bite              |    11 |     3 ||    14
       Punch             |     1 |       ||     1
 Cast: Animate Skeleton  |    15 |     2 ||    17
 Stab: Sleeping          |     8 |       ||     8
       Distracted        |     1 |       ||     1
Armor: Skin              |     3 |       ||     3
Dodge: Dodged            |    86 |    10 ||    96
